 Dungeon Crawl Stone Soup version 0.24.0-125-gc4c63601f3 (webtiles) character file.

Game seed: 14955769916491832732, levelgen mode: deterministic

17 Descartes the Sneak (level 2, -1/14 HPs)
             Began as a Felid Wanderer on Feb 29, 2020.
             Slain by an adder (3 damage)
             ... on level 3 of the Dungeon.
             The game lasted 00:01:17 (866 turns).

Descartes the Sneak (Felid Wanderer)                 Turns: 866, Time: 00:01:17

Health: -1/14      AC:  1    Str:  9    XL:     2   Next: 44%
Magic:  3/3        EV: 17    Int: 10    God:
Gold:   37         SH:  0    Dex: 17    Spells: 1/1 levels left
                                        Lives:  0   Deaths: 0

rFire    . . .     SeeInvis +     - Unarmed
rCold    . . .     Gourm    .   (shield unavailable)
rNeg     . . .     Faith    .   (armour unavailable)
rPois    .         Spirit   .   (helmet unavailable)
rElec    .         Reflect  .   (cloak unavailable)
rCorr    .         Harm     .   (gloves unavailable)
MR       .....                  (boots unavailable)
Stlth    +++.......             (no amulet)
HPRegen  0.04/turn              (no ring)
MPRegen  0.08/turn              (no ring)

@: lethally poisoned (-1 -> -12), quick
A: very small, no armour, no weapons or thrown items, stealth, claws 1, fangs 3,
see invisible, carnivore, speed 1, shaggy fur 1, slow metabolism 1, sharp paws
a: no special abilities


You were on level 3 of the Dungeon.
You were completely stuffed.

You visited 1 branch of the dungeon, and saw 3 of its levels.

You collected 37 gold pieces.

Inventory:

Missiles
 h - 36 stones
Scrolls
 a - a scroll of blinking
 e - 2 scrolls of teleportation {unknown}
 g - a scroll of enchant weapon {unknown}
 i - a scroll of amnesia {unknown}
 j - 3 scrolls of identify {unknown}
Potions
 b - a potion of haste
 c - 2 potions of curing
 d - a potion of lignification
 k - a potion of invisibility {unknown}
Comestibles
 f - 2 rations
 l - 3 chunks of flesh


   Skills:
 + Level 3.1 Fighting
 + Level 1.9 Dodging
 + Level 4.3 Stealth
 * Level 2.5 Unarmed Combat
   Level 1.1 Evocations


You had one spell level left.
You didn't know any spells.
Your spell library was empty.

Dungeon Overview and Level Annotations

Branches:
Dungeon (2/15)

Altars:


Innate Abilities, Weirdness & Mutations

You cannot wear armour.
You are incapable of wielding weapons or throwing items.
Your paws allow you to move quietly. (Stealth)
You have sharp claws.
You have razor-sharp teeth.
You have supernaturally acute eyesight. (SInv)
You are carnivorous and can eat meat at any time.
You cover ground quickly.
You are covered in fur. (AC +1)
You have a slow metabolism.
Your sharp claws are effective at attacking unaware monsters.


Message History

The adder is heavily wounded.
You feel sick. The adder bites you.
* * * LOW HITPOINT WARNING * * *
You are more poisoned.
The adder poisons you!
You scratch the adder but do no damage.
The adder is heavily wounded.
The adder misses you.
You scratch the adder.
The adder is heavily wounded.
* * * LOW HITPOINT WARNING * * *
You feel sick. The adder completely misses you. The adder barely misses you.
You closely miss the adder. Your bite misses the adder.
The adder is heavily wounded.
* * * LOW HITPOINT WARNING * * *
You feel sick. The adder completely misses you.
You scratch the adder.
The adder is almost dead.
The adder bites you.
You die...

### ..
###.#
##....#
#...#..
..#....
.....?)####
.....$S@..#
#.......?.#
#......?..#
#[........#
.........>#
###.###.###
#. #.# #
#.. ###


You could see an adder.

Vanquished Creatures
  3 bats (D:1)
  A giant cockroach (D:1)
  4 goblins
  A hobgoblin (D:1)
  2 frilled lizards (D:1)
  3 kobolds (D:1)
  A rat (D:1)
15 creatures vanquished.

Notes
Turn   | Place    | Note
-------+----------+-------------------------------------------
     0 | D:1      | Descartes the Felid Wanderer began the quest for the Orb.
     0 | D:1      | Descartes set off with the following items: a scroll of
                  | blinking, a potion of haste, a potion of curing, a potion
                  | of lignification, a ration
     0 | D:1      | Reached XP level 1. HP: 10/10 MP: 2/2
   454 | D:1      | Reached XP level 2. HP: 11/14 MP: 3/3
   852 | D:2      | You fall into a shaft and drop 1 floor!
   866 | D:3      | Slain by an adder

Levels and vault maps discovered:
D:1:      dpeg_arrival_renting, layout_loops_ring
D:2:      layout_basic, cheibriados_altar_1, nicolae_qazlal_eye_of_the_storm,
          kennysheep_generic_room_10
D:3:      layout_loops_ring, lemuel_crystal_altar, makhleb_blood_cavern_becter

Action                   || total
-------------------------++-------
Melee: Unarmed           ||    35
       Punch             ||     2
       Bite              ||     2
 Stab: Sleeping          ||     8
  Eat: Chunk             ||     7
Armor: Skin              ||     2
Dodge: Dodged            ||    15
